 Dungeon Crawl Stone Soup version 0.29.1-15-g9cfb28693d (webtiles) character file.

Game seed: 12099421996488328430

4 tkbsonic5 the Caller (level 1, 0/15 HPs)
             Began as a Ghoul Summoner on Mar 29, 2023.
             Slain by an endoplasm (1 damage)
             ... on level 1 of the Dungeon.
             The game lasted 00:02:24 (114 turns).

tkbsonic5 the Caller (Ghoul Summoner)                Turns: 114, Time: 00:02:25

Health: 0/15       AC:  2    Str: 11    XL:     1   Next: 60%
Magic:  2/2        EV: 12    Int: 10    God:
Gold:   23         SH:  0    Dex:  9    Spells: 2/3 levels left

rFire   . . .      SeeInvis .   (no weapon)
rCold   + . .      Faith    .   (no shield)
rNeg    + + +      Spirit   .   a - +0 robe
rPois   ∞          Reflect  .   (no helmet)
rElec   .          Harm     .   (no cloak)
rCorr   .          Rampage  .   (no gloves)
Will    .....                   (no boots)
Stlth   ++........              (no amulet)
HPRegen 0.00/turn               (no ring)
MPRegen 0.08/turn               (no ring)

@: brilliant, inhibited regen
A: claws 1, cold resistance 1, negative energy resistance 3, inhibited
regeneration, torment resistance 2, devour on kill
a: no special abilities


You were on level 1 of the Dungeon.
You visited 1 branch of the dungeon, and saw 1 of its levels.

You collected 23 gold pieces.

Inventory:

Armour
 a - a +0 robe (worn)
Scrolls
 d - a scroll of immolation {unknown}


   Skills:
 * Level 0.3 Fighting
 - Level 1.7 Dodging
 - Level 2.1 Stealth
 * Level 0.3 Unarmed Combat
 * Level 1.8 Spellcasting
 * Level 3.6 Summonings


You had 2 spell levels left.
You knew the following spells:

 Your Spells              Type           Power      Damage    Failure   Level
a - Summon Small Mammal   Summ           48%        N/A       7%          1

Your spell library contained the following spells:

 Spells                   Type           Power      Damage    Failure   Level
 Call Imp                 Summ           12%        N/A       11%         2
 Call Canine Familiar     Summ           12%        N/A       22%         3
 Summon Guardian Golem    Hex/Summ       6%         N/A       41%         3
 Summon Lightning Spire   Summ/Air       6%         N/A       83%         4


Dungeon Overview and Level Annotations

Branches:
Dungeon (1/15)

Altars:


Innate Abilities, Weirdness & Mutations

You are immune to poison.
You have sharp fingernails.
Your flesh is cold resistant. (rC+)
You are immune to negative energy. (rN+++)
You do not regenerate when monsters are visible.
You are immune to unholy pain and torment.
You thrive by killing the living.


Message History

You feel a surge of power!
You see here a scroll labelled WEHUSCH JE MUFA.
You swap places.
Found 7 gold pieces.
The quokka barely misses your bat.
Your bat misses the quokka.
Your bat completely misses the quokka.
Your bat hits the quokka but does no damage.
An endoplasm comes into view.
The quokka completely misses your bat.
Your bat hits the quokka but does no damage.
The endoplasm quivers.
A rat comes into view.
What are your orders? t - Shout!
Orders for allies: a - Attack new target. r - Retreat! s - Stop attacking. g - Guard the area. f - Follow me.
Anything else - Cancel.
Okay, then.
Magic courses through your body.
Casting: Summon Small Mammal (safe; 7% risk of failure)
Confirm with . or Enter, or press ? or * to list all spells.
You feel a surge of power!
You swap places.
Found a smoky green potion.
Your bat hits the endoplasm but does no damage.
The endoplasm hits you.
* * * LOW HITPOINT WARNING * * *
The quokka misses something.
Your bat hits the endoplasm.
You swap places.
Your bat hits the endoplasm. The quokka misses you.
Your bat hits the endoplasm but does no damage.
The endoplasm attacks as you move away! The endoplasm barely misses you.
Your bat barely misses the quokka.
Your bat hits the quokka but does no damage. x2
The quokka misses your bat.
Your bat closely misses the quokka.
Your bat misses the quokka. Something misses your bat.
The rat closely misses you. The endoplasm hits you.
* * * LOW HITPOINT WARNING * * *
Your bat barely misses the quokka.
The jackal barely misses your bat. Something barely misses your bat.
The endoplasm attacks as you move away! The endoplasm hits you.
You die...

####r# #.....#
#b# #....###
#?# #......#
#.# #.>....#
#.###########
########
#.hh........!
###b#..#..#..#
#.rJ........
#.$b@#..#..
##...r......
###########


You could see an endoplasm, a quokka (ally target), a jackal, a rat and 2
friendly bats.

Vanquished Creatures
  A jackal (D:1)
  A ball python (D:1)
  A bat (D:1)
3 creatures vanquished.

Vanquished Creatures (collateral kills)
  A jackal (D:1)
1 creature vanquished.

Grand Total: 4 creatures vanquished

Notes
Turn   | Place    | Note
-------+----------+-------------------------------------------
     0 | D:1      | tkbsonic5 the Ghoul Summoner began the quest for the Orb.
     0 | D:1      | Reached XP level 1. HP: 14/14 MP: 2/2
   114 | D:1      | Slain by an endoplasm

Illustrated notes

Levels and vault maps discovered:
D:1:      dpeg_arrival_shelter, layout_basic, minivault_14, columned_hall_lemuel

Action                   || total
-------------------------++-------
Melee: Unarmed           ||     9
       Punch             ||     1
 Cast: Summon Small Mamm ||     6
  Use: Potion            ||     2
Armor: Robe              ||     1
Dodge: Dodged            ||    12
